 Dungeon Sprint DCSS version 0.31-a0-18-gea43df2a32 (webtiles) character file.

Game seed: 5504002389295927378

47 sircluck the Covert (level 3, -5/22 HPs)
             Began as a Kobold Brigand on May 9, 2023.
             Was a Priest of Dithmenos.
             Killed by divine providence
             ... invoked by an orc priest
              (10 damage)
             ... in the Dungeon (Sprint VII: "The Pits").
             The game lasted 00:01:15 (325 turns).

sircluck the Covert (Kobold Brigand)                 Turns: 325, Time: 00:01:16

Health: -5/22      AC:  3    Str:  8    XL:     3   Next: 97%
Magic:  3/3        EV: 15    Int: 12    God:    Dithmenos [***...]
Gold:   0          SH:  0    Dex: 18    Spells: 2/2 levels left

rFire   . . .        p - +1 dagger (elec)
rCold   . . .        (no shield)
rNeg    . . .        b - +0 robe
rPois   .            (no helmet)
rElec   .            c - +0 cloak
rCorr   .            (no gloves)
SInv    .            (no boots)
Will    .....        (no amulet)
Stlth   ++++         (no ring)
HPRegen 0.23/turn    (no ring)
MPRegen 0.08/turn

%: no teleportation
@: confused, wreathed by umbra
A: small, no large weapons, nightstalker 3
a: Renounce Religion, Shadow Step


You were in the Dungeon.
You worshipped Dithmenos.
Dithmenos was most pleased with you.
You visited 1 branch

Inventory:

Hand Weapons
 a - a +2 dagger
 p - a +1 dagger of electrocution (weapon)
Missiles
 d - 9 poisoned darts (quivered)
 e - 3 curare-tipped darts
 m - 10 stones
Armour
 b - a +0 robe (worn)
 c - a +0 cloak (worn)
Scrolls
 k - a scroll of blinking
 n - 5 scrolls of amnesia
 o - a scroll of butterflies
Potions
 f - 6 potions of curing
 g - 6 potions of heal wounds
 h - a potion of haste
 i - 4 potions of magic
 j - 3 potions of berserk rage
 l - 2 potions of invisibility


   Skills:
 + Level 2.8 Fighting
 + Level 4.2 Short Blades
 + Level 3.1 Throwing
 + Level 2.3 Dodging
 + Level 9.6 Stealth


You had 2 spell levels left.
You didn't know any spells.
Your spell library was empty.

Dungeon Overview and Level Annotations

Branches:
Dungeon (1/1)

Altars:
Ashenzari
Cheibriados
Dithmenos
Elyvilon
Fedhas
Gozag
Hepliaklqana
Kikubaaqudgha
Makhleb
Nemelex Xobeh
Okawaru
Qazlal
Ru
Sif Muna
Trog
Uskayaw
Vehumet
Wu Jian
Xom
Yredelemnul
Zin
The Shining One
Jiyva
Lugonu


Innate Abilities, Weirdness & Mutations

You are small and have problems with some larger weapons.
You are completely attuned to the shadows.


Message History

The bat is moderately wounded.
The bat hits you.
You hit the bat.
You kill the bat!
Dithmenos accepts your kill.
You will now sometimes bleed smoke when heavily injured by enemies.
You hit the orc.
The orc is moderately wounded.
The orc barely misses you.
The orc wizard shouts!
You hit the orc but do no damage.
The orc is moderately wounded.
The orc hits you with a +0 club.
The orc wizard casts a spell.
The orc wizard flickers and vanishes!
Deactivating autopickup; reactivate with Ctrl-A.
The orc priest looks satisfied for a moment.
You hit the orc.
The orc is severely wounded.
The orc priest miscasts a cantrip.
You barely miss the orc wizard. You hit the orc wizard.
The orc wizard is lightly wounded.
You completely miss the orc wizard.
The orc wizard is lightly wounded.
The orc wizard points at you and mumbles some strange words.
You are confused.
You're too confused to move!
The orc wizard hits you with a +0 dagger.
* * * LOW HITPOINT WARNING * * *
You're too confused to move!
The orc wizard points at you and mumbles some strange words.
You resist with significant effort.
You completely miss the orc wizard.
The orc wizard is lightly wounded.
The orc wizard hits you with a +0 dagger.
* * * LOW HITPOINT WARNING * * *
The orc priest calls down the wrath of Beogh upon you.
Beogh smites you!
You die...

#'#####'#####.....
#.#..#..#).##.....
#.#..†..'.†#####'#
#.##'####'###.....
#.#..†.....##.....
#.#........##.....
#.#####'#####...<.
#.#..[)))..##.....
#@#..[.))..##.....
#o###########.....
#oo#o#.# ######
#oZo.... ##.#5#o#
#...... ##o#.#.#
5. .o..


You could see 3 orc priests, an orc wizard, a white imp, an orc and a bat
skeleton.

Vanquished Creatures
  A hound (D)
  An ufetubus (D)
  An adder zombie (D)
  2 endoplasms (D)
  A hobgoblin (D)
  A ball python skeleton (D)
  2 bats (D)
  A frilled lizard (D)
  A kobold (D)
11 creatures vanquished.

Notes
Turn   | Place    | Note
-------+----------+-------------------------------------------
     0 | D        | sircluck the Kobold Brigand began the quest for the Orb.
     0 | D        | Reached XP level 1. HP: 12/12 MP: 1/1
    37 | D        | Reached skill level 6 in Stealth
    58 | D        | Found a bloodstained altar of Trog.
    58 | D        | Found a shimmering blue altar of Sif Muna.
    58 | D        | Found a viscous altar of Jiyva.
    58 | D        | Found a hazy altar of Hepliaklqana.
    58 | D        | Found an opulent altar of Gozag.
    59 | D        | Found a glowing golden altar of the Shining One.
    59 | D        | Found a glowing silver altar of Zin.
    59 | D        | Found a sacrificial altar of Ru.
    59 | D        | Found a stormy altar of Qazlal.
    59 | D        | Found a blossoming altar of Fedhas.
    61 | D        | Found a basalt altar of Yredelemnul.
    61 | D        | Found an iron altar of Okawaru.
    61 | D        | Found a white marble altar of Elyvilon.
    62 | D        | Found a shimmering altar of Xom.
    62 | D        | Found a sparkling altar of Nemelex Xobeh.
    62 | D        | Found a shadowy altar of Dithmenos.
    63 | D        | Found an ornate altar of the Wu Jian Council.
    63 | D        | Found a burning altar of Makhleb.
    63 | D        | Found a snail-covered altar of Cheibriados.
    64 | D        | Found a radiant altar of Vehumet.
    64 | D        | Found a corrupted altar of Lugonu.
    65 | D        | Found a hide-covered altar of Uskayaw.
    65 | D        | Found an ancient bone altar of Kikubaaqudgha.
    65 | D        | Found a broken altar of Ashenzari.
    75 | D        | Became a worshipper of Dithmenos the Shadowed
   106 | D        | Reached * piety under Dithmenos
   113 | D        | Reached skill level 7 in Stealth
   113 | D        | Reached XP level 2. HP: 18/18 MP: 2/2
   122 | D        | Reached ** piety under Dithmenos
   147 | D        | Reached skill level 9 in Stealth
   147 | D        | Reached XP level 3. HP: 4/22 MP: 3/3
   316 | D        | Reached *** piety under Dithmenos
   325 | D        | Killed from afar by an orc priest

Illustrated notes

Levels and vault maps discovered:
D:        pitsprint [storerooms_1, entrance_room_1, metal_vault_6, armoury_2,
          mini_pit_1, grid_room_1, main_hall_1, silver_pit, the_coven_3,
          the_vestibule_1, steel_vault_5, golden_pit, hallway_of_sentries,
          crystal_vault_4, iron_vault_3, final_vault]

Skill      XL: |  1  2 |
---------------+-------+-----
Stealth        | 7 9 |  9.6
Short Blades   | 3 4 |  4.2
Throwing       | 3 |  3.1
Dodging        | 2 |  2.3
Fighting       | |  2.8

Action                     || total
---------------------------++-------
  Melee: Dagger            ||    51
   Stab: Sleeping          ||     4
 Armour: Robe              ||     7
  Dodge: Dodged            ||    57

Table legend: (Time is in decaauts)
 A = Elapsed time spent in this place.
 B = Non-inter-level travel time spent in this place.
 C = Inter-level travel time spent in this place.
 D = Time resting spent in this place.
 E = Time spent auto-exploring this place.
 F = Levels seen in this place.
 G = Mean time per level.
                   A        B        C        D        E       F      G
               +--------+--------+--------+--------+--------+-----+--------+
         Total |    316 |    282 |     34 |      0 |    120 |   1 |  316.0 |
       Dungeon |    316 |    282 |     34 |      0 |    120 |   1 |  316.0 |
               +--------+--------+--------+--------+--------+-----+--------+

Top non-repeatable levels by time:
       D: 316 daAuts
